 Dungeon Crawl Stone Soup version 0.21-a0-125-gb006224 (webtiles) character file.

83 Megatron the Insei (level 4, 0/28 HPs)
             Began as an Octopode Transmuter on July 14, 2017.
             Slain by an orc wizard
             ... wielding a +0 dagger
              (3 damage)
             ... on level 2 of the Dungeon.
             The game lasted 00:04:31 (2666 turns).

Megatron the Insei (Octopode Transmuter)            Turns: 2666, Time: 00:04:33

Health: 0/28       AC:  2    Str:  9    XL:     4   Next: 44%
Magic:  4/7        EV: 25    Int: 15    God:
Gold:   169        SH:  0    Dex: 23    Spells: 1/7 levels left

rFire    . . .     SeeInvis .     - Unarmed
rCold    . . .     Gourm    .   (shield currently unavailable)
rNeg     . . .     Faith    .   (helmet currently unavailable)
rPois    x         Spirit   .   (no amulet)
rElec    .         Reflect  .   (no ring)
rCorr    .         Harm     .   (no ring)
MR       .....                  (no ring)
Stlth    ++++......             (no ring)
HPRegen  0.09/turn              (no ring)
MPRegen  0.10/turn              (no ring)
                                (no ring)
                                (no ring)

@: agile, spider-form (expiring)
A: almost no armour, stealthy swim, (amphibious), 8 rings, (constrict 8)
a: End Transformation


You were on level 2 of the Dungeon.
You were not hungry.
You were a venomous arachnid creature.
You visited 1 branch of the dungeon, and saw 3 of its levels.

You collected 169 gold pieces.

Inventory:

Missiles
 a - 12 arrows
Armour
 q - a +2 hat (melded)
Scrolls
 e - a scroll of immolation {unknown}
 h - 2 scrolls of remove curse
 j - a scroll of enchant armour
 k - a scroll of identify
 m - 2 scrolls of teleportation
Potions
 g - a potion of brilliance
 o - a potion of ambrosia
 r - a potion of cancellation
Books
 b - a book of Changes

   Spells                             Type                      Level
   a - Beastly Appendage              Transmutation                1
   b - Sticks to Snakes               Transmutation                2
   c - Spider Form                    Transmutation/Poison         3
   d - Ice Form                       Ice/Transmutation            4
   e - Blade Hands                    Transmutation                5
Comestibles
 c - a bread ration
 f - 3 royal jellies
 i - 3 meat rations
 n - a chunk of flesh


   Skills:
 - Level 1.0 Fighting
 - Level 2.0 Dodging
 + Level 2.7 Stealth
 + Level 4.0 Unarmed Combat
 - Level 2.0 Spellcasting
 + Level 2.9 Transmutations


You had one spell level left.
You knew the following spells:

 Your Spells              Type           Power        Failure   Level  Hunger
a - Beastly Appendage     Tmut           ##....       19%         1    #......
b - Sticks to Snakes      Tmut           ##......     24%         2    ###....
c - Spider Form           Tmut/Pois      #.........   58%         3    ###....


Dungeon Overview and Level Annotations

Branches:
Dungeon (3/15)

Altars:


Innate Abilities, Weirdness & Mutations

You cannot wear most types of armour.
You are very stealthy in the water. (Stealth+)
((You are amphibious.))
You can wear up to eight rings at the same time.
((You can use your tentacles to constrict eight enemies at once.))
((Your skin changes colour to match your surroundings (Stealth+).))
((Your rubbery body absorbs attacks. (AC +1, EV +1)))


Message History

Something hits you.
* * * LOW HITPOINT WARNING * * *
There is a stone staircase leading up here.
You hear some strange, mumbled words.
A puff of flame appears from out of thin air!
The puff of flame hits you!
* * * LOW HITPOINT WARNING * * *
You climb upwards.
There is a stone staircase leading down here.
Unknown command.
Unknown command.
Casting: Spider Form
Confirm with . or Enter, or press ? or * to list all spells.
You turn into a venomous arachnid creature.
Your +2 hat melds into your body.
Your transformation is almost over.
Something barely misses you. Something hits you but does no damage.
Something hits you.
You die...

## #.#######.##.##.####
#......# .#
#..)...............#
#......#
.########....###.#.####
#......# ......#
#....###'#.### #......#
..###.# #....#.......#
#......# #.#<#.#
#....#.......# ########
#.#.#.####'###.......#
#.#.#.#....# #.......#
#.#.#.#.#### #..s.>..#
#...#.#.# #.......#
#####.#.######.......#
.............#########
..>.########.# ###.#
#.# #.# ###.# #.# #...#
#.# #.###


There were no monsters in sight!

Vanquished Creatures
  3 adders (D:3)
  A dart slug (D:3)
  2 leopard geckos
  2 orcs (D:3)
  A giant cockroach (D:3)
  8 hobgoblins
  3 jackals (D:1)
  2 quokkas (D:2)
  A ball python (D:2)
  4 bats
  3 frilled lizards
  8 goblins
  3 kobolds
  7 rats
48 creatures vanquished.

Notes
Turn   | Place    | Note
-------+----------+-------------------------------------------
     0 | D:1      | Megatron the Octopode Transmuter began the quest for the Orb.
     0 | D:1      | Reached XP level 1. HP: 13/13 MP: 3/3
   405 | D:1      | Reached XP level 2. HP: 18/18 MP: 3/5
   414 | D:1      | Learned a level 2 spell: Sticks to Snakes
   857 | D:1      | Reached skill level 1 in Stealth
  1633 | D:2      | Reached XP level 3. HP: 23/23 MP: 6/6
  1741 | D:2      | Learned a level 3 spell: Spider Form
  2547 | D:3      | Reached skill level 4 in Unarmed Combat
  2558 | D:3      | Reached XP level 4. HP: 21/28 MP: 7/7
  2666 | D:2      | Slain by an orc wizard

Vault maps used:
D:1:      saegor_arrival_simple_f
D:3:      portal_sewer_entry_e

Skill      XL: |  1  2  3 |
---------------+----------+-----
Stealth        | 1 2 |  2.7
Unarmed Combat | 4 |  4.0
Fighting       | |  1.0
Dodging        | |  2.0
Spellcasting   | |  2.0
Transmutations | |  2.9

Action                   |  1- 3 |  4- 6 || total
-------------------------+-------+-------++-------
Melee: Unarmed           |    92 |    14 ||   106
       Constrict         |    25 |     2 ||    27
       Punch             |     4 |       ||     4
       Kick              |    11 |       ||    11
       Tentacles         |    14 |     2 ||    16
 Cast: Beastly Appendage |    15 |       ||    15
       Spider Form       |     1 |     4 ||     5
  Use: Scroll            |     8 |       ||     8
       Potion            |       |     4 ||     4
 Stab: Sleeping          |     7 |       ||     7
  Eat: Chunk             |     5 |     1 ||     6
Armor: Skin              |     7 |     3 ||    10
Dodge: Dodged            |    54 |    12 ||    66
